 Dungeon Crawl Stone Soup version 0.27-a0-984-g00e00afbbc (webtiles) character file.

Game seed: 3575924698860843427

1131 Majang the Chucker (level 8, -24/83 HPs)
             Began as an Ogre Hunter on Apr 15, 2021.
             Annihilated by an ogre
             ... wielding a +0 giant club
              (30 damage)
             ... on level 5 of the Dungeon.
             The game lasted 00:28:09 (8088 turns).

Majang the Chucker (Ogre Hunter)                    Turns: 8088, Time: 00:28:10

Health: -24/83     AC:  5    Str: 19    XL:     8   Next: 36%
Magic:  8/8        EV: 10    Int: 12    God:
Gold:   211        SH:  0    Dex:  9    Spells: 7/7 levels left

rFire    . . .     SeeInvis .   d - +1 flail (protect)
rCold    . . .     Faith    .   (no shield)
rNeg     . . .     Spirit   .   b - +1 robe
rPois    .         Reflect  .   (helmet restricted)
rElec    .         Harm     .   j - +0 cloak
rCorr    .         Rampage  .   (gloves unavailable)
Will     .....                  (boots unavailable)
Stlth    +.........             (no amulet)
HPRegen  0.23/turn              (no ring)
MPRegen  0.11/turn              (no ring)

@: no status effects
A: large, unfitting armour, tough skin 1
a: no special abilities


You were on level 5 of the Dungeon.
You visited 1 branch of the dungeon, and saw 5 of its levels.

You collected 211 gold pieces.

Inventory:

Hand Weapons
 a - a +0 short sword
 d - a +1 flail of protection (weapon)
 k - a +0 club
 m - a +0 whip
 q - a +0 flail
Missiles
 e - 6 boomerangs (quivered)
 f - 16 poisoned darts
Armour
 b - a +1 robe (worn)
 j - a +0 cloak (worn)
Jewellery
 r - a ring of magical power
 v - a ring of fire
Wands
 g - a wand of flame (17)
 s - a wand of polymorph (5)
Scrolls
 h - a scroll of fog
 l - 3 scrolls of identify
 w - a scroll of teleportation
Potions
 i - a potion of might
 n - a potion of brilliance
 o - a potion of flight
 p - a potion of lignification
 u - 2 potions of curing


   Skills:
 + Level 5.7 Fighting
 * Level 4.1 Maces & Flails
 * Level 6.9 Throwing
 + Level 2.4 Armour
 + Level 3.5 Dodging
 - Level 0.6 Stealth


You had 7 spell levels left.
You didn't know any spells.
Your spell library contained the following spells:

 Spells                   Type           Power      Damage    Failure   Level
 Beastly Appendage        Tmut           0%         N/A       32%         1
 Foxfire                  Conj/Fire      0%         2x1d4     32%         1
 Wereblood                Tmut           0%         N/A       45%         2
 Conjure Flame            Conj/Fire      0%         6-21      69%         3
 Inner Flame              Hex/Fire       0%         N/A       69%         3
 Spider Form              Tmut/Pois      0%         N/A       69%         3
 Ice Form                 Ice/Tmut       0%         N/A       97%         4
 Sticky Flame             Conj/Fire      0%         2d3       97%         4
 Fireball                 Conj/Fire      0%         3d3       100%        5
 Hydra Form               Tmut           0%         N/A       100%        5


Dungeon Overview and Level Annotations

Branches:
Dungeon (5/15)
 Temple: D:4-7

Altars:
Ru

Shops:
D:5 (


Innate Abilities, Weirdness & Mutations

You are too large for most types of armour.
You have tough skin. (AC +1)


Message History

The large rock barely misses the orc warrior.
The large rock barely misses the ogre.
The orc warrior hits you with a +0 war axe!!
* * * LOW HITPOINT WARNING * * *
The orc warrior hits you with a +0 war axe!
* * * LOW HITPOINT WARNING * * *
You feel much better.
The orc warrior hits you with a +0 war axe!
* * * LOW HITPOINT WARNING * * *
Throw: 2 large rocks
Press: ? - help, Shift-Dir - straight line, f/p - orc warrior
Aim: an orc warrior, wielding a +0 war axe and wearing a +0 plate armour (severely wounded, 60% to hit)
You throw a large rock.
The large rock barely misses the orc warrior.
The large rock hits the ogre!!
The ogre is severely wounded.
The orc warrior barely misses you.
Throw: large rock
Press: ? - help, Shift-Dir - straight line, f/p - orc warrior
Aim: an orc warrior, wielding a +0 war axe and wearing a +0 plate armour (severely wounded, 60% to hit)
You throw a large rock. The large rock hits the orc warrior!!
You kill the orc warrior!
The ogre hits you with a +0 giant club.
* * * LOW HITPOINT WARNING * * *
Your Maces & Flails skill increases to level 4!
You don't have any such object.
Fire/throw which item? (* to show all) (? for menu, Esc to quit)
Okay, then.
Throw: 6 boomerangs
Press: ? - help, Q - select action, (/) - cycle Shift-Dir - straight line, f - ogre
Aim: an ogre, wielding a +0 giant club (severely wounded, 75% to hit)
Okay, then.
Throw: 6 boomerangs
Press: ? - help, Q - select action, (/) - cycle Shift-Dir - straight line, f - ogre
Aim: an ogre, wielding a +0 giant club (severely wounded, 75% to hit)
You throw a boomerang. The boomerang closely misses the ogre.
The boomerang hits the howler monkey.
The howler monkey is lightly wounded.
The ogre hits you with a +0 giant club!!
You die...

###.......####...#
#...####.........## #####
#.......#..## ##......###..##
# #....##..###..## ##
##...####..###..#
.########....## ##..#...#
..............#####.....#
#...........#...@Oh...(###
#######..#......##'##....#####
##.....####Z..####)....#
##..^### #.h.#..###...#
.####...##.# #.O.#..#.##)##
.........')(# #hZ.#..#..)†#
#####....##.# #.o.#..#.##)#
##....### #...#..###..#
#......##+# #'##...##


You could see an ogre and a howler monkey.

Vanquished Creatures
  Edmund (D:5)
  An orc warrior (D:5)
  An ice beast (D:5)
  A sky beast (D:5)
  A necrophage (D:4)
  3 phantoms
  A bullfrog skeleton (D:5)
  3 hounds (D:5)
  An iguana (D:4)
  2 orc wizards (D:5)
  A killer bee zombie (D:5)
  A hound skeleton (D:5)
  4 gnolls
  3 adders
  3 worms
  23 orcs
  12 ball pythons
  5 bats
  5 endoplasms
  5 giant cockroaches
  7 goblins
  7 hobgoblins
  8 jackals
  3 quokkas
  3 frilled lizards
  12 kobolds
  9 rats
126 creatures vanquished.

Notes
Turn   | Place    | Note
-------+----------+-------------------------------------------
     0 | D:1      | Majang the Ogre Hunter began the quest for the Orb.
     0 | D:1      | Reached XP level 1. HP: 22/22 MP: 1/1
   169 | D:1      | Reached XP level 2. HP: 25/31 MP: 2/2
   752 | D:1      | Found a faded altar of an unknown god.
   755 | D:1      | You fall into a shaft and drop 1 floor!
   894 | D:2      | Reached XP level 3. HP: 33/37 MP: 3/3
  1836 | D:2      | Found a sacrificial altar of Ru.
  2288 | D:2      | Reached skill level 5 in Throwing
  2565 | D:3      | Reached XP level 4. HP: 40/48 MP: 4/4
  4003 | D:3      | Reached skill level 1 in Maces & Flails
  4003 | D:3      | Reached XP level 5. HP: 37/54 MP: 5/5
  5426 | D:4      | Noticed a phantom
  5442 | D:4      | Killed a phantom
  5443 | D:4      | Reached skill level 1 in Armour
  5757 | D:4      | Noticed a necrophage
  5762 | D:4      | Killed a necrophage
  5763 | D:4      | Reached XP level 6. HP: 53/63 MP: 6/6
  6600 | D:5      | Entered Level 5 of the Dungeon
  6672 | D:5      | Reached skill level 6 in Throwing
  6672 | D:5      | Reached XP level 7. HP: 4/71 MP: 7/7
  7023 | D:5      | Found Keachil's Antique Weapon Shoppe.
  7068 | D:5      | Noticed Edmund
  7245 | D:5      | Killed Edmund
  7246 | D:5      | Reached skill level 5 in Fighting
  7719 | D:5      | Reached XP level 8. HP: 80/81 MP: 8/8
  8084 | D:5      | HP: 2/81 [orc warrior/+0 war axe (11)]
  8088 | D:5      | Annihilated by an ogre

Illustrated notes

Levels and vault maps discovered:
D:1:      minmay_arrival_cross, layout_rooms,
          shapermc_ecumenical_altar_totnotflames, hangedman_decor_growths
D:2:      wad_lake_hut, layout_loops_corners, basic_altar, st_stairs_4
D:3:      layout_basic, st_stairs_3
D:4:      layout_cave_pods, kennysheep_small_square
D:5:      layout_layer_cave, minmay_temple_entry_junction, serial_shops, shop,
          minmay_divided_ellipse, uniq_edmund

Skill      XL: |  1  2  3  4  5  6  7  8 |
---------------+-------------------------+-----
Fighting       | 3 4 5 |  5.7
Throwing       | 5 6 |  6.9
Dodging        | 2 3 |  3.5
Maces & Flails | 1 2 3 4 |  4.1
Armour         | 1 2 |  2.4
Stealth        | |  0.6

Action                   |  1- 3 |  4- 6 |  7- 9 || total
-------------------------+-------+-------+-------++-------
Melee: Short sword       |    70 |       |       ||    70
       Club              |    27 |       |       ||    27
       Whip              |    80 |    19 |       ||    99
       Flail             |       |   178 |    94 ||   272
Throw: Dart              |     6 |    11 |       ||    17
       Throwing net      |     5 |     1 |     1 ||     7
       Boomerang         |    12 |    19 |    18 ||    49
       Large rock        |     6 |    25 |     9 ||    40
  Use: Potion            |       |     3 |     1 ||     4
       Scroll            |       |    10 |     2 ||    12
 Stab: Sleeping          |     1 |     1 |       ||     2
Armor: Robe              |    60 |    64 |    50 ||   174
Dodge: Dodged            |    93 |   146 |    47 ||   286

Table legend: (Time is in decaauts)
 A = Elapsed time spent in this place.
 B = Non-inter-level travel time spent in this place.
 C = Inter-level travel time spent in this place.
 D = Time resting spent in this place.
 E = Time spent auto-exploring this place.
 F = Levels seen in this place.
 G = Mean time per level.
                   A        B        C        D        E       F      G
               +--------+--------+--------+--------+--------+-----+--------+
         Total |   8234 |   8028 |    206 |   3250 |   3067 |   5 | 1646.8 |
       Dungeon |   8234 |   8028 |    206 |   3250 |   3067 |   5 | 1646.8 |
               +--------+--------+--------+--------+--------+-----+--------+

Top non-repeatable levels by time:
     D:3: 2290 daAuts
     D:4: 2046 daAuts
     D:2: 1781 daAuts
     D:1: 1269 daAuts
     D:5: 846 daAuts
